Map: Ruins of Seras

Players

wabbajack - Winner!

  • Race: Terran Terran
  • League: Grandmaster

Clinch

  • Race: Terran Terran
  • League: Grandmaster

VOD

Have the link to the VOD?

Description

Time

  • Played on: July 14, 2015, 5:53 p.m.
  • Length: 16:41
Show
View Real Time Build Order
Export as new Build Order

wabbajack Terran - Winner!

Build Orders: MMM Bio 

Get SALT Encoding   

  12  0:01  SCV  
  13  0:13  SCV  
  14  0:23  Supply Depot  
  14  0:26  SCV  
  15  0:45  SCV  
  15  0:47  Barracks  
  15  0:49  Refinery  
  16  0:57  SCV  
  17  1:16  SCV  
  18  1:30  Command Center  
  18  1:37  Marine  
  19  1:44  Orbital Command  
  18  2:00  Marine  
  19  2:13  Barracks  
  19  2:24  Barracks Tech Lab  
  19  2:26  Barracks  
  19  2:29  SCV  
  20  2:41  SCV  
  21  2:47  Supply Depot  
  21  2:50  Combat Shields  
  21  2:51  Marine  
  21  2:54  Orbital Command  
  21  2:58  SCV  
  23  3:02  Marine  
  24  3:10  SCV  
  25  3:18  Marine  
  25  3:19  Marine  
  27  3:20  Marine  
  27  3:21  SCV  
  27  3:22  SCV  
  30  3:33  SCV, Factory  
  31  3:35  SCV  
  31  3:36  Marine x2  
  31  3:38  Marine  
  35  3:42  Refinery  
  35  3:45  SCV  
  35  3:47  Supply Depot, SCV  
  37  3:54  Marine x2  
  39  3:56  Marine  
  39  3:57  SCV  
  39  3:59  SCV  
  42  4:06  Supply Depot  
  42  4:09  SCV  
  43  4:10  Supply Depot  
  43  4:11  SCV  
  43  4:13  Marine x2  
  43  4:14  Marine  
  47  4:26  Starport  
  47  4:27  Factory Reactor  
  47  4:34  SCV x2  
  47  4:38  Refinery  
  49  4:41  Barracks Reactor  
  49  4:46  SCV x2  
  49  4:48  Marine  
  49  4:49  Barracks Tech Lab  
  52  4:58  SCV x2  
  54  5:07  Stimpack  
  54  5:09  Marauder  
  54  5:10  SCV x2, Concussive Shells  
  58  5:20  Marine x3  
  61  5:26  Supply Depot  
  61  5:27  Supply Depot x2  
  61  5:32  SCV x2  
  61  5:33  Command Center  
  63  5:36  Medivac x2  
  63  5:37  Factory Tech Lab  
  63  5:40  Marine x2  
  63  5:41  Marine  
  70  5:48  Marauder  
  72  5:50  SCV x2  
  72  5:53  Refinery  
  74  6:01  Engineering Bay  
  74  6:02  SCV x2  
  74  6:03  Engineering Bay  
  76  6:06  Medivac x2  
  80  6:19  SCV  
  80  6:20  SCV  
  82  6:32  Marine x2  
  84  6:33  Marauder  
  84  6:34  Marauder  
  84  6:38  Terran Infantry Weapons Level 1, Terran Infantry Armor Level 1  
  84  6:39  Supply Depot  
  88  6:40  Supply Depot x2  
  88  6:46  Hellion, Orbital Command  
  90  6:56  Medivac x2  
  93  7:18  Orbital Command  
  93  7:22  Siege Tank  
  96  7:32  Marine x2  
  96  7:33  Marauder  
  96  7:34  Marauder  
  102  7:50  Marine x2  
  104  7:55  Refinery x2, Marauder x2  
  108  8:02  SCV x2  
  108  8:03  SCV  
  111  8:07  Marine x2  
  111  8:11  Supply Depot  
  113  8:13  Supply Depot  
  113  8:14  SCV  
  113  8:15  SCV x2  
  113  8:16  Marauder x2  
  120  8:25  Marine x2  
  122  8:37  Marauder  
  122  8:38  Marauder  
  126  8:49  Barracks  
  126  8:50  Barracks  
  126  8:51  Barracks  
  126  8:52  Barracks  
  126  8:53  SCV x2  
  126  8:54  SCV, Barracks  
  129  9:02  Armory  
  129  9:03  Viking, Medivac  
  129  9:05  SCV x2, Siege Tank  
  129  9:06  SCV  
  139  9:17  SCV  
  101  10:26  Barracks Reactor, Barracks Tech Lab  
  101  10:27  Barracks Reactor x2  
  94  10:44  Terran Infantry Weapons Level 2, Terran Infantry Armor Level 2  
  94  10:46  Siege Tank  
  97  10:55  Medivac x2  
  101  11:01  Marauder  
  103  11:05  Marine x2, Marauder x2  
  103  11:06  Barracks Tech Lab  
  109  11:14  SCV  
  110  11:18  Siege Tank  
  110  11:22  Marauder  
  110  11:25  Medivac  
  117  11:26  Marauder  
  117  11:28  Command Center  
  119  11:38  Command Center, Marauder x2, Marine x6  
  129  11:44  Marauder  
  131  11:47  Marine  
  131  11:48  Factory  
  131  11:49  Starport  
  132  11:54  Thor  
  132  11:55  Marine  
  132  11:56  Marine  
  132  11:59  Marauder x2  
  144  12:02  Supply Depot x2  
  144  12:03  Terran Vehicle Weapons Level 1  
  144  12:04  Supply Depot  
  144  12:05  Marauder x2  
  148  12:09  Marine  
  149  12:23  Marine x5  
  149  12:24  Marauder x2  
  149  12:26  Supply Depot, Marauder  
  149  12:27  Supply Depot, Marine, Marauder  
  163  12:35  Medivac x2  
  167  12:37  Thor  
  167  12:38  Factory Tech Lab  
  167  12:40  Refinery, Starport Tech Lab  
  167  12:41  Marine x3  
  167  12:44  Refinery  
  176  12:45  Marauder  
  176  12:46  Marauder  
  176  12:48  Marauder  
  182  13:06  Thor  
  182  13:07  Marauder x2  
  182  13:09  Marauder  
  182  13:10  Barracks Tech Lab  
  182  13:11  Marine x2  
  182  13:12  Marine x2  
  198  13:28  Marauder  
  200  13:53  Planetary Fortress  
  200  13:57  Bunker  
  139  14:36  Marauder x4  
  146  14:42  SCV x2  
  146  14:43  SCV x2  
  146  14:45  Liberator  
  150  14:46  Marine  
  150  14:47  Marine x5  
  156  14:57  Marauder  
  156  14:58  Marauder x3  
  164  15:00  Raven  
  164  15:02  Medivac  
  164  15:04  Marine x2  
  164  15:05  Marine x2  
  175  15:08  Marine x2  
  177  15:19  Marauder x4  
  177  15:20  Orbital Command  
  185  15:22  Marine  
  185  15:23  Marine  
  185  15:25  Marine x4  
  185  15:26  Marine x2  
  193  15:40  Marauder x3, Marine  
  193  16:02  Marauder x3  
  153  16:24  Unknown  
Show
View Real Time Build Order
Export as new Build Order

Clinch Terran 

Build Orders: Mech 

Get SALT Encoding   

  12  0:01  SCV  
  13  0:13  SCV  
  14  0:19  Supply Depot  
  14  0:25  SCV  
  15  0:40  SCV  
  16  0:45  Barracks  
  16  0:52  SCV  
  17  1:05  SCV  
  18  1:17  SCV  
  19  1:30  Command Center  
  19  1:35  SCV  
  19  1:36  Marine  
  19  1:38  Supply Depot  
  21  2:00  SCV  
  21  2:01  Marine  
  21  2:07  Barracks  
  22  2:10  Refinery  
  22  2:13  Orbital Command  
  22  2:15  Refinery  
  22  2:19  Marine  
  23  2:36  Marine  
  24  2:40  SCV  
  25  2:56  SCV  
  25  2:57  Barracks Tech Lab  
  26  3:02  Barracks  
  26  3:08  SCV  
  26  3:09  Marine  
  28  3:16  Marine  
  28  3:19  Factory  
  29  3:20  SCV  
  29  3:21  Orbital Command  
  30  3:31  Engineering Bay  
  30  3:34  Supply Depot  
  30  3:35  Marine  
  30  3:36  Combat Shields  
  30  3:37  SCV  
  32  3:46  Marine  
  33  3:49  SCV  
  34  3:59  Missile Turret  
  34  4:01  SCV x2  
  36  4:03  Terran Infantry Weapons Level 1  
  36  4:04  Factory Tech Lab  
  36  4:12  Starport  
  36  4:13  SCV  
  37  4:18  SCV  
  38  4:25  Barracks Reactor  
  39  4:31  SCV  
  39  4:35  Refinery  
  39  4:37  SCV  
  39  4:38  Refinery  
  40  4:42  Siege Tank  
  40  4:43  Marine  
  40  4:44  Marine  
  45  4:46  SCV  
  46  4:58  SCV  
  47  5:00  Starport Tech Lab  
  47  5:02  Marine  
  47  5:03  Marine  
  49  5:10  SCV  
  49  5:14  SCV  
  51  5:15  Missile Turret  
  51  5:20  Medivac  
  53  5:22  SCV  
  54  5:36  Supply Depot  
  54  5:37  Supply Depot  
  54  5:44  Armory  
  54  5:57  SCV, Marine x2  
  57  6:08  Siege Tank  
  57  6:10  SCV  
  61  6:13  Terran Infantry Armor Level 1  
  61  6:21  Factory  
  61  6:22  SCV  
  62  6:28  Command Center  
  62  6:29  Barracks  
  62  6:30  SCV  
  62  6:31  Barracks  
  63  6:33  Factory  
  63  6:34  SCV  
  63  6:35  Supply Depot x2  
  64  6:42  SCV  
  64  6:46  SCV  
  66  6:58  SCV  
  67  7:10  SCV  
  68  7:31  Barracks Tech Lab  
  68  7:32  Barracks Tech Lab  
  68  7:34  Factory Tech Lab  
  68  7:38  Starport  
  68  8:06  Stimpack  
  68  8:07  Barracks Tech Lab  
  68  8:08  Liberator  
  68  8:09  Marine x2  
  68  8:10  Terran Infantry Armor Level 2, Terran Vehicle Weapons Level 1  
  70  8:20  Missile Turret  
  70  8:21  Missile Turret  
  70  8:22  Missile Turret, Starport Reactor  
  70  8:23  Missile Turret  
  73  8:28  Siege Tank  
  73  8:30  SCV  
  73  8:33  Starport  
  73  8:44  Missile Turret  
  73  8:46  Missile Turret  
  73  8:47  Planetary Fortress  
  73  8:48  Marine x2  
  73  8:49  Marauder x3, Marine  
  73  8:50  Liberator  
  73  8:51  Hellion  
  73  8:52  Missile Turret  
  84  9:01  Hellion  
  86  9:06  Marine x3  
  92  9:10  Marine x3  
  92  9:13  Hellion  
  92  9:14  Concussive Shells  
  92  9:16  Medivac  
  99  9:22  Hellion  
  101  9:43  Marine  
  101  9:48  Marine  
  101  9:50  Marine x4  
  101  9:51  Viking  
  93  10:07  Marine  
  93  10:08  Marine x4, Marauder  
  100  10:26  Marine  
  100  10:28  Viking  
  101  10:31  Marauder  
  99  10:36  Marauder  
  101  10:49  Supply Depot  
  101  10:53  Supply Depot x2  
  101  10:54  Supply Depot x2  
  101  10:55  Supply Depot  
  101  10:58  Terran Infantry Armor Level 3  
  101  11:00  Terran Vehicle Armor Level 1  
  101  11:10  Starport Reactor  
  101  11:11  Viking x2, Siege Tank, Marine  
  109  11:14  Banshee, Siege Tank, SCV, Marine  
  109  11:15  Marauder  
  109  11:17  Factory Tech Lab  
  119  11:21  Factory  
  119  11:26  SCV  
  122  11:32  Marauder  
  122  11:35  Engineering Bay  
  122  11:38  SCV  
  123  11:42  Refinery  
  123  11:43  Siege Tank, Refinery  
  123  11:44  Missile Turret  
  123  11:45  Missile Turret  
  123  11:46  Siege Tank, Missile Turret x2, Liberator x2  
  129  11:49  Command Center  
  129  11:51  SCV  
  130  12:03  SCV, Viking x2  
  130  12:04  Banshee  
  130  12:07  Factory Tech Lab  
  144  12:19  Terran Infantry Weapons Level 2  
  144  12:36  Command Center  
  144  12:39  Unknown, Marine x5  
  149  12:54  Supply Depot  
  149  12:55  Supply Depot  
  149  13:00  Marine x3  
  149  13:03  Armory  
  152  13:11  Terran Ship Weapons Level 1  
  152  13:14  Cloaking Field  
  151  13:28  Hellion x3  
  151  13:29  Hellion  
  151  13:32  Infernal Pre-Igniter  
  159  13:47  Planetary Fortress  
  159  13:49  Hellion  
  159  13:50  Hellion x3, Missile Turret  
  135  14:10  Marauder x3, Marine x3  
  135  14:11  Hellion, Missile Turret  
  76  14:27  Marine  
  76  14:28  Marauder, Marine  
  77  14:31  Marauder, Marine  
  77  14:32  Marauder  
  77  14:36  Banshee  
  77  14:38  Liberator  
  84  14:45  Marine x2  
  84  14:49  Marine  
  84  14:50  Marauder  
  89  14:54  Medivac  
  94  15:12  Siege Tank  
  97  15:20  Barracks  
  97  15:21  Barracks  
  97  15:22  SCV  
  98  15:34  SCV, Marine  
  98  15:35  Marauder x4, Marine  
  108  15:46  SCV  
  109  15:52  Marine  
  109  15:56  Marauder  
  85  16:18  Marauder x3  
Tags
 
Add a new tag
Caveats
  • Supply blocks, unpowered buildings, or Contaminate may cause inaccurate times.
  • Supply counts are checked every 10 seconds.